Map: Deathaura LE

Players

rotab

  • Race: Zerg Zerg
  • League: Grandmaster
  • Spawn Location: 11:00

DnS - Winner!

  • Race: Protoss Protoss
  • Spawn Location: 5:00

Event: DreamHack SC2 Masters 2020 Winter

VOD

Have the link to the VOD?

Description

Time

  • Played on: Oct. 16, 2020, 1:57 p.m.
  • Length: 8:07

All games in this series

Show
View Real Time Build Order
Export as new Build Order

rotab Zerg 

Build Orders: Hatch First 

Get SALT Encoding   

  12  0:00  Drone  
  13  0:07  Drone  
  14  0:16  Overlord  
  14  0:24  Drone, Extractor  
  15  0:34  Drone  
  16  0:49  Hatchery  
  15  0:50  Drone  
  15  0:54  Drone  
  18  0:57  Drone  
  18  1:08  Extractor  
  17  1:13  Spawning Pool  
  17  1:15  Drone  
  17  1:18  Drone  
  18  1:26  Drone  
  19  1:44  Drone  
  19  1:45  Hatchery  
  19  1:49  Drone  
  20  1:58  Drone  
  21  2:02  Drone  
  21  2:05  Queen  
  24  2:14  Queen  
  26  2:20  Overlord  
  26  2:26  Metabolic Boost  
  26  2:31  Drone  
  26  2:32  Drone  
  28  2:40  Zergling x2  
  28  2:41  Queen  
  28  2:42  Zergling x2  
  32  2:46  Drone  
  32  2:47  Drone  
  34  2:56  Queen  
  34  2:58  Overlord  
  36  3:06  Drone x3  
  36  3:11  Drone  
  40  3:12  Drone  
  40  3:13  Drone  
  40  3:16  Zergling x2  
  42  3:25  Drone x5  
  47  3:30  Spore Crawler  
  45  3:35  Drone  
  45  3:44  Drone  
  45  3:47  Drone x2  
  47  3:50  Spore Crawler  
  47  3:51  Drone x3  
  47  3:54  Drone  
  47  3:55  Spore Crawler  
  48  4:03  Drone  
  48  4:07  Drone x2  
  50  4:12  Drone  
  50  4:13  Drone  
  50  4:15  Drone  
  49  4:18  Overlord  
  49  4:19  Drone  
  50  4:24  Overlord  
  50  4:30  Zergling x2  
  50  4:32  Overlord  
  50  4:37  Overlord  
  50  4:38  Extractor  
  49  4:39  Drone  
  49  4:40  Drone x7  
  49  4:41  Drone  
  49  4:43  Drone, Extractor  
  58  4:51  Drone  
  59  4:56  Queen  
  59  4:57  Drone x2  
  59  4:58  Drone x5  
  68  5:01  Drone  
  68  5:05  Extractor  
  64  5:07  Lair  
  64  5:08  Drone x4  
  64  5:13  Drone x2  
  70  5:16  Drone, Extractor x2  
  70  5:21  Drone x3  
  72  5:23  Roach Warren  
  72  5:26  Drone  
  72  5:28  Zergling x4  
  74  5:32  Overlord  
  74  5:46  Overlord  
  71  5:50  Drone x3  
  71  5:51  Zergling x12  
  71  5:54  Overlord  
  73  6:05  Drone  
  73  6:06  Drone  
  73  6:07  Drone x4  
  79  6:16  Drone x2  
  81  6:20  Drone x3  
  81  6:23  Hatchery  
  81  6:24  Zergling x2, Roach  
  86  6:28  Drone x2  
  86  6:30  Spire  
  87  6:36  Zergling x6  
  87  6:37  Overlord  
  87  6:39  Evolution Chamber, Zergling x2  
  90  6:42  Overlord  
  90  6:47  Overlord  
  90  6:49  Overlord  
  90  6:50  Overlord  
  90  6:51  Overlord  
  90  6:53  Overlord  
  90  6:58  Drone x2  
  90  7:00  Drone x2  
  94  7:06  Overlord  
  94  7:11  Overlord  
  94  7:12  Zergling x8  
  94  7:13  Zergling x2  
  99  7:19  Extractor  
  98  7:24  Zergling x6  
  98  7:27  Roach x5  
  109  7:30  Spine Crawler  
  109  7:34  Roach  
  109  7:35  Roach x3, Spine Crawler  
  109  7:36  Roach x2  
  117  7:39  Roach  
Show
View Real Time Build Order
Export as new Build Order

DnS Protoss - Winner!

Build Orders: 1 Gate Expand, Oracle Opening, Zealot Archon 

Get SALT Encoding   

  12  0:00  Probe  
  13  0:12  Probe  
  14  0:17  Pylon  
  14  0:24  Probe (Chrono Boost)  
  15  0:36  Probe (Chrono Boost)  
  15  0:40  Gateway  
  16  0:45  Probe (Chrono Boost)  
  17  0:50  Assimilator  
  17  0:51  Probe  
  18  1:03  Probe  
  19  1:15  Probe  
  20  1:25  Nexus  
  20  1:38  Cybernetics Core  
  20  1:39  Probe  
  21  1:48  Assimilator  
  21  1:51  Probe  
  22  1:56  Pylon  
  22  2:03  Probe  
  23  2:11  Adept (Chrono Boost)  
  25  2:15  Probe  
  25  2:21  Stargate  
  26  2:29  Warp Gate, Probe (Chrono Boost)  
  27  2:31  Adept (Chrono Boost)  
  29  2:37  Probe (Chrono Boost)  
  31  2:45  Probe (Chrono Boost)  
  31  2:46  Probe (Chrono Boost)  
  32  2:51  Probe (Chrono Boost)  
  32  2:52  Probe  
  32  2:54  Adept  
  36  3:03  Probe  
  36  3:04  Probe  
  38  3:07  Oracle (Chrono Boost)  
  38  3:12  Pylon  
  41  3:15  Probe  
  41  3:17  Probe  
  43  3:24  Adept  
  45  3:32  Probe  
  45  3:33  Probe  
  47  3:36  Gateway  
  47  3:44  Probe, Oracle (Chrono Boost)  
  47  3:45  Probe  
  48  3:57  Probe  
  48  3:58  Probe  
  50  4:03  Pylon  
  50  4:04  Nexus  
  50  4:09  Assimilator, Probe  
  51  4:10  Probe  
  51  4:11  Assimilator  
  51  4:15  Void Ray (Chrono Boost)  
  52  4:21  Probe  
  52  4:24  Pylon  
  57  4:32  Probe  
  57  4:33  Probe  
  57  4:36  Robotics Facility  
  59  4:41  Pylon  
  59  4:44  Zealot, Probe  
  62  4:45  Pylon  
  62  4:46  Adept  
  62  4:51  Probe  
  65  4:56  Probe  
  66  5:01  Twilight Council  
  66  5:02  Forge  
  66  5:03  Pylon, Probe  
  67  5:09  Probe (Chrono Boost), Sentry x2  
  72  5:15  Shield Battery  
  72  5:16  Probe (Chrono Boost)  
  72  5:17  Probe (Chrono Boost)  
  72  5:21  Probe (Chrono Boost)  
  75  5:26  Probe (Chrono Boost)  
  75  5:27  Probe (Chrono Boost)  
  75  5:28  Protoss Ground Weapons Level 1 (Chrono Boost), Observer, Probe (Chrono Boost)  
  79  5:32  Probe (Chrono Boost)  
  79  5:33  Gateway  
  79  5:34  Gateway  
  79  5:35  Charge (Chrono Boost)  
  80  5:39  Probe  
  81  5:47  Probe  
  81  5:48  Probe  
  83  5:51  Probe  
  83  5:53  Gateway  
  83  5:54  Gateway  
  83  5:56  Gateway  
  84  5:59  Probe  
  84  6:00  Templar Archives  
  83  6:05  Probe  
  83  6:08  Probe  
  83  6:11  Pylon  
  83  6:12  Assimilator  
  83  6:13  Assimilator, Probe  
  83  6:16  Gateway  
  83  6:17  Gateway, Probe  
  83  6:19  Zealot x2  
  83  6:24  Photon Cannon, Probe  
  83  6:25  Probe  
  89  6:28  Warp Prism (Chrono Boost)  
  89  6:30  Gateway  
  91  6:35  Pylon  
  91  6:48  High Templar x4  
  91  6:52  Archon x2, Pylon  
  91  6:53  Zealot x2  
  91  6:54  Zealot  
  102  7:09  Nexus  
  102  7:12  Zealot x2  
  106  7:17  High Templar  
  106  7:18  High Templar  
  106  7:22  Archon, Pylon, Zealot x3  
  112  7:23  Zealot x2  
  112  7:24  Probe x3  
  112  7:25  Pylon  
  123  7:36  Pylon  
  123  7:37  Pylon  
  123  7:41  Photon Cannon  
  123  7:42  Zealot  
  123  7:43  Zealot x4  
  133  7:44  Zealot  
  135  7:53  Zealot x3  
Tags
 
Add a new tag
Caveats
  • Supply blocks, unpowered buildings, or Contaminate may cause inaccurate times.
  • Supply counts are checked every 10 seconds.